 Dungeon Crawl Stone Soup version 0.28-a0-728-g0181a31188 (webtiles) character file.

Game seed: 10214642351765307081

535 Ijustatesigmund the Covert (level 7, -4/90 HPs)
             Began as a Gnoll Delver on Oct 28, 2021.
             Slain by a wyvern (11 damage)
             ... on level 5 of the Dungeon.
             The game lasted 00:06:02 (4559 turns).

Ijustatesigmund the Covert (Gnoll Delver)           Turns: 4559, Time: 00:06:03

Health: -4/90      AC: 23    Str: 17    XL:     7   Next: 25%
Magic:  10/10      EV:  2    Int: 11    God:
Gold:   219        SH:  4    Dex: 12    Spells: 10/10 levels left

rFire   . . .      SeeInvis .   a - +1 war axe (freeze)
rCold   . . .      Faith    .   p - +0 buckler
rNeg    . . .      Spirit   .   (armour currently unavailable)
rPois   +          Reflect  .   (helmet currently unavailable)
rElec   .          Harm     .   (cloak currently unavailable)
rCorr   .          Rampage  .   (gloves currently unavailable)
Will    .....      Clarity  +   (boots currently unavailable)
Stlth   ++++...... NoTele   +   (no amulet)
HPRegen 0.25/turn               m - +6 ring of strength
MPRegen 0.12/turn               (no ring)

@: tree-form
A: stationary, stasis, torment immunity, boosted hp, (fangs 1), strong nose,
distributed training, (horns 1), clarity, clumsy 1
a: no special abilities


You were on level 5 of the Dungeon.
You were a tree.
You visited 1 branch of the dungeon, and saw 5 of its levels.

You collected 219 gold pieces.

Inventory:

Hand Weapons
 a - a +1 war axe of freezing (weapon)
Missiles
 o - 12 poisoned darts (quivered)
Armour
 b - a +0 chain mail (melded)
 l - a +0 cloak (melded)
 p - a +0 buckler (worn)
Jewellery
 m - a +6 ring of strength (left branch)
 q - a ring of fire
Wands
 g - a wand of digging (3)
Scrolls
 c - 2 scrolls of fog
 d - a scroll of magic mapping
 h - a scroll of identify
 n - a scroll of teleportation {unknown}
Potions
 f - a potion of haste
 i - a potion of curing


   Skills:
 + Level 7.0 Fighting
 + Level 2.3 Short Blades
 + Level 2.3 Long Blades
 + Level 5.2 Axes
 + Level 2.3 Maces & Flails
 + Level 2.3 Polearms
 + Level 2.3 Staves
 + Level 2.3 Slings
 + Level 2.3 Bows
 + Level 2.3 Crossbows
 + Level 2.3 Throwing
 + Level 2.3 Armour
 + Level 5.2 Dodging
 + Level 9.9 Stealth
 + Level 2.3 Shields
 + Level 2.3 Unarmed Combat
 + Level 2.3 Spellcasting
 + Level 1.9 Conjurations
 + Level 1.9 Hexes
 + Level 1.9 Summonings
 + Level 1.9 Necromancy
 + Level 1.9 Translocations
 + Level 1.9 Transmutations
 + Level 1.9 Fire Magic
 + Level 1.9 Ice Magic
 + Level 1.9 Air Magic
 + Level 1.9 Earth Magic
 + Level 1.9 Poison Magic
 + Level 2.6 Invocations
 + Level 2.3 Evocations


You had 10 spell levels left.
You didn't know any spells.
Your spell library was empty.

Dungeon Overview and Level Annotations

Branches:
Dungeon (5/15)
 Temple: D:4-7

Altars:
Dithmenos


Innate Abilities, Weirdness & Mutations

You are a tree.
Your roots penetrate the ground, keeping you stationary.
You cannot be teleported.
You are immune to unholy pain and torment.
Your maximum health is greatly increased.
Your equipment is partially melded.
((You have very sharp teeth.))
Your uncanny sense of smell can sniff out nearby items.
Your experience applies equally to all skills.
((You have a pair of small horns on your head.))
You possess an exceptional clarity of mind.
You are clumsy. (Dex -2)


Message History

The wyvern is lightly wounded.
The wyvern bites you but does no damage.
You block the wyvern's attack.
You hit the wyvern. You freeze the wyvern.
The wyvern is lightly wounded.
The wyvern looks more healthy.
The wyvern bites you.
You hit the wyvern. You freeze the wyvern.
The wyvern is moderately wounded.
The wyvern closely misses you. x2
You closely miss the wyvern.
The wyvern is moderately wounded.
The wyvern bites you!
The wyvern bites you but does no damage.
Your chain mail prevents you from hitting the wyvern.
The wyvern is moderately wounded.
You block the wyvern's attack. The wyvern bites you!
Your chain mail prevents you from hitting the wyvern.
Your bite misses the wyvern.
The wyvern is moderately wounded.
The wyvern bites you! x2
* * * LOW HITPOINT WARNING * * *
You feel better. The wyvern bites you!
* * * LOW HITPOINT WARNING * * *
You feel better. The wyvern bites you!
* * * LOW HITPOINT WARNING * * *
The wyvern bites you but does no damage.
It was a potion of cancellation.
You feel magically purged. The wyvern bites you!
* * * LOW HITPOINT WARNING * * *
It was a potion of lignification.
You turn into a tree.
Your +0 cloak melds into your body.
Your +0 chain mail melds into your body.
Your roots penetrate the ground.
The wyvern bites you but does no damage.
The wyvern barely misses you.
It was a potion of mutation.
You feel extremely strange.
Your thoughts seem clearer.
A pair of horns grows on your head!
You feel clumsy. The wyvern bites you!
You die...

#.#.###
#.#.#
#.#.#
#.#.#
#.#.#
#.#.#
#...#
#..##
#♣.#
#l.#
#..#
#.(#
#.(#
#.(#
#..#
...#


You could see a wyvern.

Vanquished Creatures
  Eustachio (D:5)
  A necrophage (D:4)
  2 scorpions
  A hound (D:5)
  2 iguanas
  5 adders
  3 worms (D:2)
  3 dart slugs
  3 orcs
  4 bats
  4 endoplasms
  2 giant cockroaches
  4 hobgoblins
  2 quokkas
  4 ball pythons
  5 frilled lizards
  6 goblins
  8 kobolds
  4 rats
64 creatures vanquished.

Vanquished Creatures (others)
  4 plants (D:2)
4 creatures vanquished.

Grand Total: 68 creatures vanquished

Notes
Turn   | Place    | Note
-------+----------+-------------------------------------------
     0 | D:5      | Reached skill level 9 in Stealth
     0 | D:5      | Ijustatesigmund the Gnoll Delver began the quest for the
                  | Orb.
     0 | D:5      | Reached XP level 1. HP: 23/23 MP: 1/1
   419 | D:2      | Reached XP level 2. HP: 20/29 MP: 2/2
   716 | D:1      | Found a faded altar of an unknown god.
   918 | D:1      | Reached XP level 3. HP: 31/35 MP: 3/3
  1412 | D:2      | Reached skill level 1 in Invocations
  1668 | D:2      | Reached skill level 1 in Short Blades
  1668 | D:2      | Reached skill level 1 in Long Blades
  1668 | D:2      | Reached skill level 1 in Maces & Flails
  1668 | D:2      | Reached skill level 1 in Polearms
  1668 | D:2      | Reached skill level 1 in Staves
  1668 | D:2      | Reached skill level 1 in Slings
  1668 | D:2      | Reached skill level 1 in Bows
  1668 | D:2      | Reached skill level 1 in Crossbows
  1668 | D:2      | Reached skill level 1 in Throwing
  1668 | D:2      | Reached skill level 1 in Armour
  1668 | D:2      | Reached skill level 1 in Shields
  1668 | D:2      | Reached skill level 1 in Unarmed Combat
  1668 | D:2      | Reached skill level 1 in Spellcasting
  1668 | D:2      | Reached skill level 1 in Evocations
  1817 | D:2      | Reached XP level 4. HP: 41/41 MP: 5/5
  2331 | D:3      | Reached skill level 1 in Conjurations
  2331 | D:3      | Reached skill level 1 in Hexes
  2331 | D:3      | Reached skill level 1 in Summonings
  2331 | D:3      | Reached skill level 1 in Necromancy
  2331 | D:3      | Reached skill level 1 in Translocations
  2331 | D:3      | Reached skill level 1 in Transmutations
  2331 | D:3      | Reached skill level 1 in Fire Magic
  2331 | D:3      | Reached skill level 1 in Ice Magic
  2331 | D:3      | Reached skill level 1 in Air Magic
  2331 | D:3      | Reached skill level 1 in Earth Magic
  2331 | D:3      | Reached skill level 1 in Poison Magic
  2792 | D:3      | Noticed an ogre
  2833 | D:4      | Reached XP level 5. HP: 24/47 MP: 5/7
  3297 | D:4      | Noticed a necrophage
  3310 | D:4      | Killed a necrophage
  3610 | D:4      | Reached XP level 6. HP: 31/53 MP: 8/8
  4094 | D:5      | Reached skill level 5 in Axes
  4094 | D:5      | Reached skill level 5 in Dodging
  4179 | D:5      | Noticed Eustachio
  4201 | D:5      | Killed Eustachio
  4202 | D:5      | Reached XP level 7. HP: 57/59 MP: 8/10
  4437 | D:5      | Found a shadowy altar of Dithmenos.
  4545 | D:5      | Noticed a wyvern
  4559 | D:5      | Gained mutation: You possess an exceptional clarity of
                  | mind. [potion of mutation]
  4559 | D:5      | Gained mutation: You have a pair of small horns on your
                  | head. [potion of mutation]
  4559 | D:5      | Gained mutation: You are clumsy. (Dex -2) [potion of
                  | mutation]
  4559 | D:5      | Slain by a wyvern

Illustrated notes

Levels and vault maps discovered:
D:1:      kennysheep_arrival_forest, layout_rooms,
          hellmonk_ecumenical_altar_lost_god, bh_walls_and_bars
D:2:      layout_basic, chequers_big_river, serial_bayou_pond_c
D:3:      layout_loops_ring, minmay_diced_spiral
D:4:      layout_cave_pods
D:5:      layout_loops_ring, nicolae_dithmenos_the_darkroom,
          minmay_temple_entry_junction, uniq_eustachio, uniq_pikel

Skill      XL: |  1  2  3  4  5  6  7 |
---------------+----------------------+-----
Stealth        | |  9.9
Invocations    | 1 2 |  2.6
Short Blades   | 1 2 |  2.3
Long Blades    | 1 2 |  2.3
Maces & Flails | 1 2 |  2.3
Polearms       | 1 2 |  2.3
Staves         | 1 2 |  2.3
Slings         | 1 2 |  2.3
Bows           | 1 2 |  2.3
Crossbows      | 1 2 |  2.3
Throwing       | 1 2 |  2.3
Armour         | 1 2 |  2.3
Shields        | 1 2 |  2.3
Unarmed Combat | 1 2 |  2.3
Spellcasting   | 1 2 |  2.3
Evocations     | 1 2 |  2.3
Conjurations   | 1 |  1.9
Hexes          | 1 |  1.9
Summonings     | 1 |  1.9
Necromancy     | 1 |  1.9
Translocations | 1 |  1.9
Transmutations | 1 |  1.9
Fire Magic     | 1 |  1.9
Ice Magic      | 1 |  1.9
Air Magic      | 1 |  1.9
Earth Magic    | 1 |  1.9
Poison Magic   | 1 |  1.9
Axes           | 5 |  5.2
Dodging        | 5 |  5.2
Fighting       | 7 |  7.0

Action                   |  1- 3 |  4- 6 |  7- 9 || total
-------------------------+-------+-------+-------++-------
Melee: Hand axe          |   139 |    64 |       ||   203
       Bite              |    13 |    11 |     3 ||    27
       War axe           |       |    31 |    33 ||    64
Throw: Dart              |       |     2 |     3 ||     5
  Use: Scroll            |     1 |     5 |     1 ||     7
       Potion            |       |       |     5 ||     5
 Stab: Sleeping          |     4 |       |       ||     4
Armor: Leather armour    |     7 |       |       ||     7
       Chain mail        |    63 |    52 |    20 ||   135
       Skin              |       |       |     1 ||     1
Dodge: Dodged            |    64 |    25 |    12 ||   101
Block: Buckler           |     6 |    19 |    12 ||    37

Table legend: (Time is in decaauts)
 A = Elapsed time spent in this place.
 B = Non-inter-level travel time spent in this place.
 C = Inter-level travel time spent in this place.
 D = Time resting spent in this place.
 E = Time spent auto-exploring this place.
 F = Levels seen in this place.
 G = Mean time per level.
                   A        B        C        D        E       F      G
               +--------+--------+--------+--------+--------+-----+--------+
         Total |   4616 |   4569 |     47 |   1378 |   2472 |   5 |  923.2 |
       Dungeon |   4616 |   4569 |     47 |   1378 |   2472 |   5 |  923.2 |
               +--------+--------+--------+--------+--------+-----+--------+

Top non-repeatable levels by time:
     D:4: 1552 daAuts
     D:2: 1129 daAuts
     D:3: 728 daAuts
     D:1: 715 daAuts
     D:5: 491 daAuts
